AoeStats
← [KMNB] Bandeira

African Clearing

505493660Analyzed
3v3 RM · 24d ago on Sep 9, 2026· 47m 25s· 6 players
Game mode
Random Map
Map size
Normal (6 player)
Population
200
Speed
Normal
Resources
Standard
Victory
Conquest
Starting age
Dark Age
Ending age
Imperial Age
RankedLock teamsTeams togetherTeam positionsShared explorationLock speedFull tech treeHidden civsTurbo modeCheats
Victory
Defeat
🇦🇷 Mongols · Argentina
1532
+19
🇵🇱 Vietnamese · Poland
1487
+21
🇦🇷 Berbers · Argentina
1483
+21
🇧🇷 Huns · Brazil
1626
-21
🇧🇷 Hindustanis · Brazil
1618
-21
🇧🇷 Magyars · Brazil
1557
-19
t๏tคlเк๏ร
3:20 Loom
14:31 Feudal Age
15:51 Wheelbarrow
15:49 Double-Bit Axe
18:16 Castle Age
19:54 Bow Saw
27:25 Ballistics
34:09 Scale Mail Armor
35:33 Gold Mining
36:04 Horse Collar
36:46 Stone Mining
38:45 Heavy Plow
39:39 Chain Mail Armor
39:35 Forging
39:51 Fletching
39:44 Treadmill Crane
40:55 Stone Shaft Mining
43:03 Squires
43:40 Iron Casting
43:23 Hand Cart
42:53 Town Watch
43:24 Arson
48:16 Imperial Age
[CL] Feargoras
11:23 Feudal Age
12:20 Loom
12:23 Double-Bit Axe
18:51 Castle Age
18:26 Scale Barding Armor
18:34 Bloodlines
23:13 Horse Collar
23:55 Bow Saw
30:05 Fletching
32:00 Bodkin Arrow
33:04 Wheelbarrow
33:36 Ballistics
33:32 Husbandry
35:56 Gold Mining
39:54 Imperial Age
37:38 Padded Archer Armor
37:57 Stone Mining
38:46 Gold Shaft Mining
38:12 Heavy Plow
38:31 Thumb Ring
39:37 Leather Archer Armor
40:40 Bracer
41:08 Parthian Tactics
41:50 Chemistry
42:12 Conscription
42:17 Elite Mangudai
43:38 Chain Barding Armor
43:26 Capped Ram
44:18 Siege Ram
45:24 Drill
[BRANCA] Lord_FeDe
10:36 Loom
12:21 Feudal Age
13:52 Double-Bit Axe
13:51 Horse Collar
17:21 Scale Barding Armor
23:25 Castle Age
21:48 Gold Mining
22:41 Forging
22:44 Bloodlines
23:30 Light Cavalry
24:11 Husbandry
29:13 Chain Barding Armor
34:31 Fletching
36:19 Bow Saw
36:28 Stone Mining
38:03 Iron Casting
39:00 Wheelbarrow
38:13 Town Watch
40:05 Heavy Plow
43:19 Hand Cart
44:29 Gold Shaft Mining
49:22 Imperial Age
[KMNB] Bandeira
6:04 Loom
12:38 Feudal Age
13:20 Double-Bit Axe
20:00 Horse Collar
22:13 Bloodlines
23:17 Forging
23:13 Scale Barding Armor
26:24 Castle Age
26:30 Light Cavalry
27:29 Husbandry
32:35 Chain Barding Armor
36:40 Wheelbarrow
47:41 Hand Cart
[KMNB] Dedão
6:09 Loom
13:21 Feudal Age
13:54 Double-Bit Axe
21:07 Castle Age
19:32 Horse Collar
19:44 Fletching
20:17 Gold Mining
21:56 Bodkin Arrow
23:41 Bloodlines
27:21 Light Cavalry
29:45 Scale Barding Armor
36:26 Wheelbarrow
36:46 Chain Barding Armor
37:00 Bow Saw
38:12 Town Watch
43:01 Imperial Age
40:51 Padded Archer Armor
43:10 Husbandry
43:13 Heavy Plow
43:46 Ballistics
43:20 Hussar
44:52 Conscription
44:38 Bracer
46:57 Hand Cart
47:53 Thumb Ring
Fs.Khronos
7:49 Loom
11:16 Feudal Age
17:30 Castle Age
17:13 Fletching
17:09 Double-Bit Axe
22:14 Bodkin Arrow
26:44 Bow Saw
26:26 Horse Collar
27:12 Padded Archer Armor
28:18 Wheelbarrow
29:59 Leather Archer Armor
30:40 Husbandry
31:31 Ballistics
40:26 Imperial Age
37:57 Town Watch
38:14 Heavy Plow
38:25 Gold Mining
39:02 Bloodlines
39:30 Thumb Ring
40:20 Hand Cart
41:46 Bracer
42:47 Chemistry
42:16 Heavy Cavalry Archer
43:21 Parthian Tactics
Connection lost

Rejoining the realm…

Still unreachable

The connection could not be restored.

Session expired

The server has moved on; the page needs a fresh start.